AoeStats
← ElNonan

African Clearing

504085032Analyzed
3v3 RM · 27d ago on Sep 3, 2026· 75m 28s· 6 players
Game mode
Random Map
Map size
Normal (6 player)
Population
200
Speed
Normal
Resources
Standard
Victory
Conquest
Starting age
Dark Age
Ending age
Imperial Age
RankedLock teamsTeams togetherTeam positionsShared explorationLock speedFull tech treeHidden civsTurbo modeCheats
Victory
Defeat
🇵🇪 Italians · Peru
1070
+15
🇹🇷 Mongols · Türkiye
1060
+15
🇭🇰 Franks · Hong Kong SAR China
1021
+17
🇩🇰 Bengalis · Denmark
1152
-21
🇩🇰 Lithuanians · Denmark
1012
-14
🇩🇰 Cumans · Denmark
956
-12
MrBubbles
3:25 Loom
12:32 Feudal Age
14:42 Wheelbarrow
15:16 Man-at-Arms
16:45 Arson
18:42 Forging
23:11 Scale Mail Armor
23:17 Scale Barding Armor
23:19 Double-Bit Axe
25:32 Town Watch
26:33 Bloodlines
28:32 Fletching
28:44 Padded Archer Armor
30:54 Castle Age
29:13 Stone Mining
32:30 Hand Cart
32:34 Bow Saw
32:16 Gold Mining
35:07 Bodkin Arrow
35:29 Leather Archer Armor
36:17 Elite Skirmisher
39:46 Horse Collar
45:08 Hill Forts
46:26 Chain Barding Armor
46:43 Iron Casting
50:30 Imperial Age
49:59 Husbandry
49:20 Light Cavalry
50:12 Thumb Ring
51:17 Chain Mail Armor
50:38 Elite Leitis
51:20 Tower Shields
56:30 Pikeman
57:12 Squires
56:45 Winged Hussar
56:47 Cavalier
57:10 Crossbowman
59:45 Halberdier
61:14 Tower Shields
BechAnovic
4:15 Loom
16:51 Feudal Age
17:23 Double-Bit Axe
17:21 Horse Collar
18:20 Wheelbarrow
17:31 Town Watch
17:57 Gold Mining
17:58 Stone Mining
24:47 Castle Age
24:03 Forging
29:27 Man-at-Arms
31:05 Bloodlines
43:37 Iron Casting
44:36 Fletching
44:47 Padded Archer Armor
54:36 Heavy Plow
56:18 Bow Saw
58:38 Gold Shaft Mining
58:22 Scale Barding Armor
60:07 Hand Cart
62:21 Steppe Husbandry
68:36 Bodkin Arrow
68:57 Leather Archer Armor
73:41 Imperial Age
75:00 Chain Barding Armor
Little Bill Daggett
6:16 Loom
13:15 Feudal Age
18:51 Castle Age
17:35 Double-Bit Axe
20:36 Bow Saw
20:43 Town Watch
23:35 Horse Collar
27:31 Wheelbarrow
26:58 Heavy Plow
26:49 Gold Mining
26:49 Stone Mining
28:11 Bloodlines
32:24 Scale Barding Armor
32:31 Forging
35:52 Fletching
37:36 Hand Cart
37:58 Gold Shaft Mining
37:13 Stone Mining
40:32 Imperial Age
39:44 Paiks
40:17 Iron Casting
40:02 Chain Barding Armor
42:45 Conscription
42:47 Mahayana
43:41 Two-Man Saw
43:13 Pikeman
43:53 Squires
43:56 Scale Mail Armor
43:52 Bodkin Arrow
45:01 Chain Barding Armor
44:50 Halberdier
45:48 Chain Mail Armor
47:10 Blast Furnace
47:11 Plate Barding Armor
46:13 Elite Ratha (Ranged)
47:53 Coinage
47:35 Arson
48:41 Husbandry
50:37 Bracer
50:37 Padded Archer Armor
50:50 Masonry
50:46 Siege Engineers
50:37 Murder Holes
51:12 Onager
52:02 Elite Battle Elephant
52:03 Elite Skirmisher
53:00 Leather Archer Armor
65:22 Ballistics
65:32 Architecture
66:04 Chemistry
67:43 Elite Elephant Archer
68:56 Ring Archer Armor
tataglia
5:14 Loom
19:47 Feudal Age
24:20 Castle Age
24:48 Town Watch
27:17 Fletching
31:03 Gold Mining
自古多情空餘恨
6:04 Loom
6:23 Loom
15:51 Feudal Age
17:00 Double-Bit Axe
25:02 Wheelbarrow
24:43 Gold Mining
24:45 Stone Mining
27:12 Castle Age
26:21 Scale Barding Armor
26:28 Forging
29:02 Bow Saw
30:41 Chain Barding Armor
30:32 Husbandry
34:24 Gold Shaft Mining
37:21 Iron Casting
39:10 Scale Mail Armor
44:13 Imperial Age
43:05 Hand Cart
44:16 Chain Mail Armor
45:45 Plate Barding Armor
46:10 Blast Furnace
44:32 Cavalier
47:40 Paladin
50:31 Conscription
50:33 #83
50:47 Conscription
50:30 Chivalry
50:45 Town Watch
52:34 Plate Mail Armor
52:19 Elite Throwing Axeman
52:57 Pikeman
53:38 Squires
53:24 Arson
57:25 Halberdier
62:08 Town Patrol
ElNonan
3:54 Loom
13:44 Feudal Age
16:20 Double-Bit Axe
19:00 Castle Age
17:46 Stone Mining
24:09 Wheelbarrow
23:47 Bow Saw
25:21 Fletching
26:32 Fishing Lines
26:49 Gold Mining
27:43 Bodkin Arrow
30:28 Padded Archer Armor
32:32 Gillnets
33:29 Horse Collar
34:38 Hand Cart
35:00 Ballistics
35:15 Town Watch
35:47 Leather Archer Armor
43:34 Imperial Age
44:44 Conscription
44:41 Bracer
48:01 Chemistry
47:28 Elite Genoese Crossbowman
48:40 Ring Archer Armor
55:52 Pikeman
56:45 Forging
56:36 Scale Mail Armor
59:08 Iron Casting
58:48 Chain Mail Armor
59:52 Squires
62:32 Plate Mail Armor
63:02 Blast Furnace
73:04 Elite Skirmisher
75:21 Arson
Connection lost

Rejoining the realm…

Still unreachable

The connection could not be restored.

Session expired

The server has moved on; the page needs a fresh start.